Map: Pylon LE

Players

HeroMarine

  • Race: Terran Terran
  • Spawn Location: 11:00

Lambo - Winner!

  • Race: Zerg Zerg
  • Spawn Location: 5:00

Event: Esports World Cup 2025

VOD

Have the link to the VOD?

Description

Time

  • Played on: July 22, 2025, 8:42 a.m.
  • Length: 6:47

All games in this series

Show
View Real Time Build Order
Export as new Build Order

HeroMarine Terran 

Build Orders: Reaper Expand, Hellion Banshee 

Get SALT Encoding   

  12  0:00  SCV  
  13  0:12  SCV  
  14  0:17  Supply Depot  
  14  0:24  SCV  
  15  0:39  SCV  
  15  0:40  Barracks  
  16  0:44  Refinery  
  16  0:51  SCV  
  17  1:03  SCV  
  18  1:15  SCV  
  19  1:27  Orbital Command, Reaper  
  20  1:38  Command Center  
  20  1:46  Supply Depot  
  20  1:53  SCV  
  21  1:59  Marine  
  22  2:05  SCV  
  23  2:09  Factory  
  23  2:17  SCV  
  23  2:21  Barracks Reactor  
  24  2:29  SCV  
  25  2:37  Command Center  
  25  2:41  SCV  
  26  2:51  Orbital Command  
  26  2:53  SCV  
  27  3:01  Starport  
  27  3:06  SCV  
  27  3:07  Refinery  
  27  3:11  Hellion x2  
  32  3:17  SCV  
  32  3:18  Barracks Tech Lab, SCV  
  34  3:29  SCV  
  34  3:30  SCV  
  34  3:32  Hellion  
  34  3:33  Hellion  
  40  3:41  SCV  
  41  3:42  SCV  
  41  3:46  Banshee  
  45  3:53  SCV  
  45  3:55  Hellion x2  
  51  3:56  Orbital Command  
  51  3:58  Cloaking Field  
  51  4:00  SCV  
  51  4:05  SCV  
  51  4:06  Barracks Tech Lab  
  52  4:12  SCV  
  53  4:17  SCV  
  53  4:21  Barracks  
  53  4:22  Barracks  
  53  4:23  Factory Reactor  
  54  4:24  SCV  
  54  4:26  SCV  
  54  4:27  Marine  
  54  4:29  SCV  
  58  4:33  Banshee  
  61  4:39  SCV x2  
  61  4:40  Supply Depot  
  61  4:41  SCV  
  61  4:45  Marine  
  62  4:47  Refinery  
  62  4:48  Refinery  
  62  4:50  Engineering Bay  
  62  4:51  SCV x2  
  62  4:52  Engineering Bay  
  63  4:53  SCV  
  63  4:56  Stimpack  
  62  5:03  Marine, SCV x2  
  62  5:05  Supply Depot  
  62  5:06  SCV  
  64  5:15  SCV x2  
  64  5:16  Supply Depot  
  64  5:17  Marine x2  
  64  5:18  SCV  
  64  5:19  Banshee  
  72  5:27  Factory Tech Lab  
  72  5:28  SCV x2  
  72  5:30  SCV  
  72  5:31  Marine  
  72  5:32  Marine  
  74  5:36  Marine  
  74  5:40  SCV x2  
  74  5:42  SCV  
  63  5:46  Marine  
  57  5:51  Marine x3  
  57  5:54  Marine  
  39  6:04  Marine  
  39  6:09  Marine x3  
  39  6:10  SCV  
  39  6:11  SCV  
  42  6:13  Marine  
  42  6:16  SCV  
  36  6:22  Marine  
  35  6:28  SCV  
Show
View Real Time Build Order
Export as new Build Order

Lambo Zerg - Winner!

Build Orders: Hatch First 

Get SALT Encoding   

  12  0:00  Drone  
  13  0:08  Drone  
  14  0:14  Drone, Extractor  
  15  0:21  Overlord  
  15  0:39  Drone  
  16  0:44  Hatchery  
  16  0:48  Drone  
  16  0:51  Drone  
  16  0:55  Drone  
  18  1:05  Extractor  
  18  1:10  Spawning Pool  
  16  1:13  Drone  
  16  1:17  Drone  
  18  1:26  Drone  
  19  1:37  Drone  
  20  1:47  Drone  
  21  1:56  Queen  
  21  1:57  Queen  
  21  1:58  Zergling x2  
  21  1:59  Zergling x2  
  27  2:07  Drone  
  28  2:11  Overlord  
  28  2:18  Hatchery  
  28  2:21  Drone  
  28  2:29  Drone x2  
  30  2:33  Drone  
  31  2:38  Queen  
  31  2:42  Overlord  
  33  2:46  Drone  
  33  2:49  Drone  
  35  2:52  Drone  
  36  3:04  Drone x2  
  38  3:06  Drone x6  
  43  3:18  Roach Warren  
  42  3:20  Overlord, Extractor  
  42  3:22  Drone, Extractor  
  42  3:27  Drone  
  42  3:28  Overlord  
  42  3:30  Drone  
  43  3:36  Drone x4  
  43  3:38  Drone  
  48  3:41  Overlord  
  48  3:54  Metabolic Boost  
  48  3:56  Evolution Chamber  
  48  3:59  Overlord  
  48  4:01  Roach x4  
  55  4:07  Spore Crawler  
  55  4:09  Roach x2  
  58  4:11  Evolution Chamber  
  58  4:14  Roach  
  58  4:16  Spore Crawler  
  58  4:21  Evolution Chamber  
  58  4:23  Roach x2  
  63  4:30  Spore Crawler  
  63  4:32  Roach  
  63  4:33  Roach x4  
  73  4:39  Overlord  
  73  4:42  Zergling x8  
  77  4:46  Zergling x4  
  77  4:50  Zergling x2  
  81  4:54  Overlord  
  81  5:04  Overlord, Ravager x3  
  84  5:07  Zergling x10  
  89  5:17  Zergling x6  
  89  5:19  Zergling x6  
  94  5:22  Ravager x2  
  94  5:24  Zergling x4  
  93  5:30  Zergling x2, Ravager  
  93  5:32  Zergling x10  
  98  5:42  Zergling x8  
  92  5:44  Lair  
  92  5:46  Zergling x2  
  91  5:50  Zergling x2  
  91  5:53  Zergling x4  
  91  5:54  Queen  
  84  5:58  Zergling x2  
  84  5:59  Zergling x4  
  84  6:02  Zergling x2  
  84  6:05  Zergling x4  
  84  6:09  Zergling x4  
  78  6:11  Zergling x4  
  78  6:15  Ravager  
  78  6:16  Zergling x4  
  79  6:23  Zergling x6  
  77  6:27  Zergling x6  
Tags
 
Add a new tag
Caveats
  • Supply blocks, unpowered buildings, or Contaminate may cause inaccurate times.
  • Supply counts are checked every 10 seconds.